 Dungeon Crawl Stone Soup version 0.32-a0-931-g5a2cda0630 (webtiles) character file.

Game seed: 12846212532386776974

170 funkygono the Firebug (level 5, -7/28 HPs)
             Began as a Deep Elf Fire Elementalist on Apr 13, 2024.
             Was an Initiate of Vehumet.
             Killed from afar by a frost-covered statue (11 damage)
             ... with a puff of frost
             ... on level 4 of the Dungeon.
             The game lasted 00:02:47 (2516 turns).

funkygono the Firebug (Deep Elf Fire Elementalist)  Turns: 2516, Time: 00:02:47

Health: -7/28      AC:  2    Str:  5    XL:     5   Next: 25%
Magic:  11/13      EV: 12    Int: 22    God:    Vehumet [......]
Gold:   98         SH:  0    Dex: 15    Spells: 6/13 levels left

rFire   . . .        d - +0 short sword
rCold   . . .        (no shield)
rNeg    . . .        a - +0 robe
rPois   .            (no helmet)
rElec   .            (no cloak)
rCorr   .            (no gloves)
SInv    .            (no boots)
Will    .....        (no amulet)
Stlth   ++           (no ring)
HPRegen 0.24/turn    (no ring)
MPRegen 0.13/turn

%: no passive effects
@: no status effects
A: no striking features
a: Renounce Religion


You were on level 4 of the Dungeon.
You worshipped Vehumet.
Vehumet was noncommittal.
You visited 1 branch of the dungeon, and saw 4 of its levels.

You collected 98 gold pieces.

Inventory:

Hand Weapons
 d - a +0 short sword (weapon)
Armour
 a - a +0 robe (worn)
 h - a +0 leather armour
Scrolls
 e - 2 scrolls of identify {unknown}
 f - 4 scrolls of teleportation {unknown}
 g - a scroll of noise {unknown}
 l - a scroll of summoning {unknown}
 p - a scroll of poison {unknown}
Potions
 b - 2 potions of magic
 c - a potion of ambrosia {unknown}
 i - a potion of berserk rage {unknown}
 j - a potion of resistance {unknown}
 k - 3 potions of curing {unknown}
 m - a potion of invisibility {unknown}
 n - a potion of might {unknown}
 o - a potion of brilliance {unknown}
 q - a potion of heal wounds {unknown}


   Skills:
 + Level 2.8 Dodging
 + Level 2.9 Stealth
 + Level 4.5 Spellcasting
 + Level 2.9 Conjurations
 + Level 4.7 Fire Magic


You had 6 spell levels left.
You knew the following spells:

 Your Spells              Type           Power      Damage    Failure   Level
a - Foxfire               Conj/Fire      88%        2x1d8     2%          1
b - Scorch                Fire           50%        2d7       2%          2
c - Flame Wave            Conj/Fire      22%        2d8       22%         4

Your spell library contained the following spells:

 Spells                   Type           Power      Damage    Failure   Level
 Inner Flame              Hex/Fire       15%        N/A       12%         3
 Volatile Blastmotes      Fire/Tloc      30%        2d12      12%         3
 Cigotuvi's Dreadful Rot  Necr/Alch/Air  10%        N/A       16%         2
 Ignite Poison            Fire/Alch      15%        N/A       36%         4
 Freezing Cloud           Conj/Ice/Air   4%         6-21      89%         5


Dungeon Overview and Level Annotations

Branches:
Dungeon (4/15)
 Temple: D:4-7

Altars:
Vehumet

Shops:
D:3 (

Annotations:
D:4 exclusion: statue


Message History

The bombardier beetle is burned terribly!
You kill the bombardier beetle!
Casting: Scorch (safe; 2% risk of failure)
Confirm with . or Enter, or press ? or * to list all spells.
You conjure some foxfire!
Your foxfire dissipates! x2
Magic restored.
A frost-covered statue comes into view.
Found a radiant altar of Vehumet.
Marking area around a frost-covered statue as unsafe for travelling.
Found a ruby potion.
Casting: Foxfire (safe; 2% risk of failure)
Confirm with . or Enter, or press ? or * to list all spells.
You conjure some foxfire!
Casting: Foxfire (safe; 2% risk of failure)
Confirm with . or Enter, or press ? or * to list all spells.
You conjure some foxfire!
The foxfire hits the frost-covered statue but does no damage.
Casting: Foxfire (safe; 2% risk of failure)
Confirm with . or Enter, or press ? or * to list all spells.
You conjure some foxfire!
The foxfire hits the frost-covered statue.
The frost-covered statue completely resists.
The foxfire hits the frost-covered statue but does no damage.
The foxfire hits the frost-covered statue.
The frost-covered statue completely resists.
The frost-covered statue gestures at you.
The puff of frost hits you.
The foxfire hits the frost-covered statue but does no damage. x2
There is a radiant altar of Vehumet here.
You kneel at the altar of Vehumet.
Vehumet welcomes you!
The frost-covered statue gestures at you.
The puff of frost hits you!
The frost-covered statue gestures at you.
The puff of frost hits you!
* * * LOW HITPOINT WARNING * * *
The frost-covered statue gestures at you.
The puff of frost hits you!
You die...

#########...#.#
#.............####
#......#####....<#
#......#...#..####
#......#.I.#..#
#.###......#...#.##
#>§§§......#._.#..
##.§§§(....#...#..
####§.....#.@.#.#
######.#...#.# #
###.##.##....
#......)......
#.............
#.............
................
...#.............
....#............!


You could see a frost-covered statue.

Vanquished Creatures
  A bombardier beetle (D:4)
  Natasha (thrice) (D:2)
  An adder (D:2)
  A dart slug (D:2)
  4 orcs (D:3)
  4 ball pythons
  8 bats
  5 endoplasms
  A giant cockroach (D:1)
  7 goblins
  5 hobgoblins
  5 kobolds
  A quokka (D:3)
  4 frilled lizards
  6 rats
56 creatures vanquished.

Vanquished Creatures (others)
  148 foxfires
148 creatures vanquished.

Grand Total: 204 creatures vanquished

Notes
Turn   | Place    | Note
-------+----------+-------------------------------------------
     0 | D:1      | funkygono the Deep Elf Fire Elementalist began the quest
                  | for the Orb.
     0 | D:1      | Reached XP level 1. HP: 10/10 MP: 6/6
   144 | D:1      | Reached XP level 2. HP: 15/15 MP: 5/8
   178 | D:1      | Learned a level 2 spell: Scorch
   831 | D:2      | Reached XP level 3. HP: 19/19 MP: 5/9
  1097 | D:2      | Noticed Natasha
  1102 | D:2      | Killed Natasha
  1151 | D:2      | Reached XP level 4. HP: 24/24 MP: 5/11
  1185 | D:2      | Noticed Natasha
  1191 | D:2      | Killed Natasha
  1197 | D:2      | Learned a level 4 spell: Flame Wave
  1316 | D:2      | Noticed Natasha
  1320 | D:2      | Killed Natasha
  2193 | D:3      | Found Saij's Weapon Shop.
  2242 | D:3      | Reached XP level 5. HP: 28/28 MP: 10/13
  2505 | D:4      | Found a radiant altar of Vehumet.
  2505 | D:4      | Noticed a frost-covered statue
  2514 | D:4      | Became a worshipper of Vehumet
  2516 | D:4      | Killed from afar by a frost-covered statue

Illustrated notes

Levels and vault maps discovered:
D:1:      minmay_arrival_four_circles, layout_rooms, grunt_decor_cap,
          minmay_misc_feat_pillars, moated_statue, hangedman_decor_opposing
D:2:      layout_rooms, uniq_natasha
D:3:      layout_loops_ring, serial_shops, nicolae_shop_back_alley_shop,
          kennysheep_another_room
D:4:      layout_basic, vehumet_statue, serial_library_hellmonk_narrow_alcove

Skill      XL: |  1  2  3  4 |
---------------+-------------+-----
Fire Magic     | 4 |  4.7
Spellcasting   | 4 |  4.5
Conjurations   | 2 |  2.9
Dodging        | |  2.8
Stealth        | |  2.9

Action                     |  1- 3 |  4- 6 || total
---------------------------+-------+-------++-------
   Cast: Foxfire           |    54 |    30 ||    84
         Scorch            |     4 |    11 ||    15
 Armour: Robe              |     3 |     4 ||     7
  Dodge: Dodged            |    10 |     1 ||    11

Table legend: (Time is in decaauts)
 A = Elapsed time spent in this place.
 B = Non-inter-level travel time spent in this place.
 C = Inter-level travel time spent in this place.
 D = Time resting spent in this place.
 E = Time spent auto-exploring this place.
 F = Levels seen in this place.
 G = Mean time per level.
                   A        B        C        D        E       F      G
               +--------+--------+--------+--------+--------+-----+--------+
         Total |   2514 |   2432 |     82 |      0 |   2130 |   4 |  628.5 |
       Dungeon |   2514 |   2432 |     82 |      0 |   2130 |   4 |  628.5 |
               +--------+--------+--------+--------+--------+-----+--------+

Top non-repeatable levels by time:
     D:3: 951 daAuts
     D:2: 746 daAuts
     D:1: 727 daAuts
     D:4: 88 daAuts
